 Dungeon Crawl Stone Soup version 0.24-a0-203-gf0bc1e9 (webtiles) character file.

Game seed: 16248949738256004871

56 Ivan the Chopper (level 3, -3/49 HPs)
             Began as a Minotaur Berserker on Mar 26, 2019.
             Was a Believer of Trog.
             Slain by a gnoll
             ... wielding a +0 flail
              (13 damage)
             ... on level 2 of the Dungeon.
             The game lasted 00:02:30 (566 turns).

Ivan the Chopper (Minotaur Berserker)                Turns: 566, Time: 00:02:30

Health: -3/49      AC:  2    Str: 27    XL:     3   Next: 71%
Magic:  2/2        EV: 12    Int:  4    God:    Trog [**....]
Gold:   50         SH:  0    Dex:  9    Spells: 2/2 levels left

rFire    . . .     SeeInvis .   a - +0 hand axe
rCold    . . .     Gourm    .   (no shield)
rNeg     + . .     Faith    .   b - +0 animal skin
rPois    .         Spirit   .   (helmet restricted)
rElec    .         Reflect  .   (no cloak)
rCorr    .         Harm     .   (no gloves)
MR       .....                  (no boots)
Stlth    ..........             (no amulet)
HPRegen  0.16/turn              e - ring of positive energy (curse)
MPRegen  0.08/turn              (no ring)

@: berserking, very quick
A: retaliatory headbutt, horns 2
a: Berserk, Trog's Hand, Renounce Religion


You were on level 2 of the Dungeon.
You worshipped Trog.
Trog was pleased with you.
You were not hungry.

You visited 1 branch of the dungeon, and saw 2 of its levels.

You collected 50 gold pieces.

Inventory:

Hand Weapons
 a - a +0 hand axe (weapon)
Missiles
 d - 86 stones (quivered)
Armour
 b - a +0 animal skin (worn)
Jewellery
 e - a cursed ring of positive energy (left hand)
Scrolls
 g - a scroll of identify {unknown}
Potions
 f - 2 potions of magic {unknown}
 h - a potion of flight {unknown}
 i - a potion of mutation {unknown}
 j - a potion of curing {unknown}
Comestibles
 c - a ration


   Skills:
 + Level 4.1 Fighting
 + Level 5.0 Axes
 + Level 2.5 Armour
 + Level 2.6 Dodging


You had 2 spell levels left.
You didn't know any spells.
Your spell library was empty.

Dungeon Overview and Level Annotations

Branches:
Dungeon (2/15)

Altars:


Innate Abilities, Weirdness & Mutations

You reflexively headbutt those who attack you in melee.
You have a pair of horns on your head.


Message History

The gnoll hits you!
You slash the gnoll!
You kill the gnoll!
Trog accepts your kill.
Your Axes skill increases to level 5!
You hit the gnoll but do no damage. The gnoll closely misses you.
You hit the gnoll.
The gnoll is lightly wounded.
The gnoll hits you with a +0 flail.
* * * LOW HITPOINT WARNING * * *
A red film seems to cover your vision as you go berserk!
You feel yourself moving faster!
You feel mighty!
You feel quite a bit more hungry. The gnoll hits you with a +0 flail.
* * * LOW HITPOINT WARNING * * *
You hit the gnoll. Your headbutt misses the gnoll.
The gnoll is heavily wounded.
You hit the gnoll.
The gnoll is heavily wounded.
The gnoll hits you with a +0 flail!
You die...

###### ##### #....# #....
#....########....
##................
########.......######....
.......'.......# #.......
#########@......#
#.#..[..
........g#.....##
#.#..<..
#########.g#.....#
#.##....
.[.g.g..†..#.....#
#.....).
.......((..#.....#
###....#
.((.#......#.#+### #....#
### #.####.... #....# ...
...... +....+ #(#.
......% #.....


You could see 2 gnolls.

Vanquished Creatures
  Jessica (D:2)
  A gnoll (D:2)
  7 bats
  2 goblins (D:1)
  2 hobgoblins
  2 ball pythons (D:1)
  A frilled lizard (D:1)
  5 kobolds (D:1)
  2 rats (D:1)
23 creatures vanquished.

Notes
Turn   | Place    | Note
-------+----------+-------------------------------------------
     0 | D:1      | Ivan the Minotaur Berserker began the quest for the Orb.
     0 | D:1      | Reached XP level 1. HP: 19/19 MP: 0/0
   112 | D:1      | Reached XP level 2. HP: 27/27 MP: 1/1
   118 | D:1      | Reached skill level 4 in Axes
   487 | D:2      | Noticed Jessica
   499 | D:2      | Killed Jessica
   499 | D:2      | Reached ** piety under Trog
   499 | D:2      | Reached XP level 3. HP: 23/33 MP: 2/2
   561 | D:2      | Reached skill level 5 in Axes
   566 | D:2      | Slain by a gnoll

Levels and vault maps discovered:
D:1:      dpeg_arrival_houses_and_road, layout_rooms,
          hangedman_decor_clover_reticule, chequers_serial_rivers_marsh
D:2:      layout_basic, overflow_temple_1_default,
          chequers_ecumenical_altar_simple_redux, dk_vineyard_1, uniq_jessica

Skill      XL: |  1  2  3 |
---------------+----------+-----
Axes           | 4 5 |  5.0
Fighting       | 4 |  4.1
Armour         | |  2.5
Dodging        | |  2.6

Action                   || total
-------------------------++-------
Melee: Hand axe          ||    47
       Headbutt          ||     3
Throw: Stone             ||    13
Invok: Berserk           ||     1
Armor: Animal skin       ||    14
Dodge: Dodged            ||    45

Table legend:
 A = Non-vault XP
 B = Vault XP
 C = Vault XP percentage of total XP
 D = Non-vault monster count
 E = Vault monster count
 F = Vault count percentage of total count
                 A         B        C        D         E       F
            +---------+---------+-------+---------+---------+-------
      Total |      44 |      37 |  45.7 |      22 |       1 |   4.3
            +---------+---------+-------+---------+---------+-------
        D:1 |      27 |       0 |   0.0 |      19 |       0 |   0.0
        D:2 |      17 |      37 |  68.5 |       3 |       1 |  25.0
            +---------+---------+-------+---------+---------+-------
